 Dungeon Sprint DCSS version 0.24-a0-249-g2af7e83 (webtiles) character file.

Game seed: 13871584279357995271

10200000 JimmahDean the Blood Saint (level 27, -13/249 HPs)
             Began as a Demonspawn Necromancer on Apr 13, 2019.
             Was the Champion of Makhleb.
             Killed by divine providence
             ... invoked by an accursed
              (14 damage)
             ... in the Dungeon (Sprint VIII: "Arena of Blood").
             The game lasted 00:04:06 (102 turns).

JimmahDean the Blood Saint (Demonspawn Necromancer)  Turns: 102, Time: 00:04:07

Health: -13/249    AC:  8    Str: 12    XL:     27
Magic:  11/54      EV: 36    Int: 18    God:    Makhleb [******]
Gold:   0          SH:  0    Dex: 22    Spells: 75/80 levels left

rFire    + . .     SeeInvis .   b - +∞ Axe of Woe
rCold    . . .     Gourm    .   (shield currently unavailable)
rNeg     + . .     Faith    .   a - +0 robe
rPois    +         Spirit   .   (helmet unavailable)
rElec    .         Reflect  .   (no cloak)
rCorr    .         Harm     .   (no gloves)
MR       ++...     NoTele   +   (no boots)
Stlth    +++++++++.             (no amulet)
HPRegen  0.51/turn              (no ring)
MPRegen  0.34/turn              (no ring)

@: marked, very slightly contaminated
A: horns 3, slimy green scales 3, demonic guardian 3, fire resistance 1, ignite
blood, negative energy resistance 1, 50% torment resistance, black mark, flame
cloud immunity
a: Minor Destruction, Lesser Servant of Makhleb, Major Destruction, Greater
Servant of Makhleb, Renounce Religion


You were in the Dungeon.
You worshipped Makhleb.
Makhleb was exalted by your worship.
You were not hungry.

You visited 1 branch

Inventory:

Hand Weapons
 b - the +∞ Axe of Woe (weapon)
   (You found it in the Dungeon)
Armour
 a - a +0 robe (worn)
Potions
 d - a potion of curing {@q1}
 e - a potion of heal wounds {@q2}
 f - a potion of haste {@q3}
 g - 2 potions of magic
 h - a potion of berserk rage
Comestibles
 c - a ration {@e1}


   Skills:
 O Level 27 Fighting
 O Level 27 Axes
 O Level 27 Throwing
 O Level 27 Armour
 O Level 27 Dodging
 O Level 27 Stealth
 O Level 27 Unarmed Combat
 O Level 27 Spellcasting
 O Level 27 Necromancy
 O Level 27 Invocations


You had 75 spell levels left.
You knew the following spells:

 Your Spells              Type           Power        Failure   Level  Hunger
a - Pain                  Necr           ####         0%          1    None
b - Animate Dead          Necr           N/A          0%          4    None

Your spell library contained the following spells:

 Spells                   Type           Power        Failure   Level  Hunger
 Animate Skeleton         Necr           N/A          0%          1    None
 Regeneration             Chrm/Necr      ######....   0%          3    None
 Vampiric Draining        Necr           #######...   0%          3    None


Dungeon Overview and Level Annotations

Branches:
Dungeon (1/1)

Altars:
Makhleb


Innate Abilities, Weirdness & Mutations

You have a pair of large horns on your head.
You are completely covered in slimy green scales. (AC +4, rPois)
A powerful demonic guardian rushes to your aid.
Your flesh is heat resistant. (rF+)
Your demonic aura causes spilled blood to erupt in flames.
You resist negative energy. (rN+)
You are somewhat able to resist unholy torments (1 in 2 success).
Your melee attacks may debilitate your foes.
You are immune to clouds of flame.


Message History

Something smites you!
* * * LOW HITPOINT WARNING * * *
The meat berserker rages.
The accursed casts a spell at you. Something smites you!
* * * LOW HITPOINT WARNING * * *
The destroyer blinks!
A destroyer comes into view.
It is wielding a +9 great sword of slicing.
You regained 18 hp, and now have 40/249 hp.
You call on the dead to rise...
The dead are walking!
The meat berserker rages.
You feel something staring at you. Something smites you!
* * * LOW HITPOINT WARNING * * *
The tyrant waves its bony arms in wide circles.
The air twists around and strikes you!
* * * LOW HITPOINT WARNING * * *
The accursed casts a spell at you. Something smites you!
You die... o....#☼o)))#.o... #Vo..ooMoo)LoWzo...
MOzo.ooO###xxOD.... ooo###o...Doo###... ooVoo#zOO..o.# o. .{ooO#oWxooO.#. .xooo.oOo2oDxo. .M.ooXO)☼oo{XX.
XXXXo2Z@○§.M... ...oLoZ°ZDLL..# .X.X#xoooX.X.#. ..XXX{XooXX.D#

.
.##.#V..%....
..
..{...%.... #
....#.....##
..... ......


You could see 4 accurseds, 6 tentacled monstrosities, 2 meat beasts, 4 tyrants,
5 eight-headed meat hydras, 3 destroyers, 3 sculptors of flesh, 4 large bags of
meat, 11 large abominations, 2 dreads, 5 meat berserkers, 4 small abominations,
41 bags of meat, 2 crawling corpses and 3 friendly orc zombies.

Vanquished Creatures
  Sigmund (D)
  17 hell beasts (D)
  3 greater mummies (D)
  A great orb of eyes (D)
  6 wraiths (D)
  23 vampire knights (D)
  51 ogres (D)
  6 two-headed ogres (D)
  2 liches (D)
  A hydra (D)
  42 orcs (D)
  4 phantoms (D)
  2 skeletal warriors (D)
  5 large abominations (D)
  12 small abominations (D)
  11 crawling corpses (D)
187 creatures vanquished.

Vanquished Creatures (collateral kills)
  Harold (D)
  An orc (D)
  2 crawling corpses (D)
4 creatures vanquished.

Vanquished Creatures (others)
  4 ogres (D)
  2 orcs (D)
  3 crawling corpses (D)
9 creatures vanquished.

Grand Total: 200 creatures vanquished

Notes
Turn   | Place    | Note
-------+----------+-------------------------------------------
     0 | D        | Found the +∞ Axe of Woe
     0 | D        | JimmahDean the Demonspawn Necromancer began the quest for
                  | the Orb.
     0 | D        | Reached XP level 1. HP: 13/13 MP: 3/3
     3 | D        | Noticed a bag of meat
     3 | D        | Noticed a bag of meat
     4 | D        | Became a worshipper of Makhleb the Destroyer
     4 | D        | Noticed a bag of meat
     5 | D        | Noticed a bag of meat
     6 | D        | Killed a bag of meat
     6 | D        | Gained mutation: You have a pair of small horns on your
                  | head. [demonic ancestry]
     6 | D        | Reached XP level 2. HP: 34/34 MP: 3/12
     6 | D        | Gained mutation: A weak demonic guardian rushes to your
                  | aid. [demonic ancestry]
     6 | D        | Reached XP level 3. HP: 40/40 MP: 3/13
     6 | D        | Gained mutation: You have a pair of horns on your head.
                  | [demonic ancestry]
     6 | D        | Reached XP level 4. HP: 46/46 MP: 3/15
     6 | D        | Gained mutation: You are partially covered in slimy green
                  | scales. (AC +2) [demonic ancestry]
     6 | D        | Reached XP level 5. HP: 52/52 MP: 3/16
     6 | D        | Reached XP level 6. HP: 59/59 MP: 3/18
     6 | D        | Gained mutation: Your flesh is heat resistant. (rF+)
                  | [demonic ancestry]
     6 | D        | Reached XP level 7. HP: 64/64 MP: 3/19
     6 | D        | Reached XP level 8. HP: 71/71 MP: 3/21
     6 | D        | Gained mutation: You are mostly covered in slimy green
                  | scales. (AC +3) [demonic ancestry]
     6 | D        | Reached XP level 9. HP: 77/77 MP: 3/22
     6 | D        | Reached XP level 10. HP: 83/83 MP: 3/23
     6 | D        | Reached XP level 11. HP: 89/89 MP: 3/24
     6 | D        | Noticed a meat berserker
     6 | D        | Noticed a meat berserker
     7 | D        | Noticed a bag of meat
     8 | D        | Noticed a meat berserker
     8 | D        | Noticed a bag of meat
    10 | D        | Killed a meat berserker
    10 | D        | Reached * piety under Makhleb
    10 | D        | Reached skill level 15 in Invocations
    10 | D        | Gained mutation: You have a pair of large horns on your
                  | head. [demonic ancestry]
    10 | D        | Reached XP level 12. HP: 102/102 MP: 3/27
    10 | D        | Reached XP level 13. HP: 108/108 MP: 3/28
    10 | D        | Killed a meat berserker
    10 | D        | Reached skill level 15 in Necromancy
    10 | D        | Gained mutation: A demonic guardian rushes to your aid.
                  | [demonic ancestry]
    10 | D        | Reached XP level 14. HP: 119/119 MP: 3/30
    10 | D        | Killed a bag of meat
    10 | D        | Reached XP level 15. HP: 127/127 MP: 3/32
    11 | D        | Killed a meat berserker
    11 | D        | Reached ** piety under Makhleb
    11 | D        | Reached skill level 15 in Fighting
    11 | D        | Reached skill level 15 in Stealth
    11 | D        | Reached skill level 15 in Dodging
    11 | D        | Reached skill level 15 in Spellcasting
    11 | D        | Reached XP level 16. HP: 124/138 MP: 4/35
    12 | D        | Reached skill level 15 in Axes
    12 | D        | Reached skill level 15 in Throwing
    12 | D        | Reached skill level 15 in Armour
    12 | D        | Reached skill level 15 in Unarmed Combat
    12 | D        | Reached *** piety under Makhleb
    12 | D        | Gained mutation: You are immune to clouds of flame.
                  | [demonic ancestry]
    12 | D        | Reached XP level 17. HP: 148/148 MP: 4/37
    23 | D        | Learned a level 4 spell: Animate Dead
    23 | D        | Noticed a meat berserker
    23 | D        | Noticed a meat berserker
    24 | D        | Noticed a meat berserker
    26 | D        | Noticed a large bag of meat
    26 | D        | Noticed a meat berserker
    26 | D        | Noticed a meat berserker
    27 | D        | Killed a meat berserker
    27 | D        | Reached **** piety under Makhleb
    29 | D        | Killed a meat berserker
    29 | D        | Reached XP level 18. HP: 162/162 MP: 5/40
    29 | D        | Killed a meat berserker
    29 | D        | Noticed a meat berserker
    29 | D        | Noticed an eight-headed meat hydra
    30 | D        | Killed a large bag of meat
    30 | D        | Gained mutation: Your demonic aura causes spilled blood to
                  | erupt in flames. [demonic ancestry]
    30 | D        | Reached XP level 19. HP: 172/172 MP: 5/42
    30 | D        | Noticed The Servant
    31 | D        | Noticed a destroyer
    32 | D        | Noticed a meat berserker
    32 | D        | Noticed a destroyer
    33 | D        | Noticed a destroyer
    33 | D        | Noticed a destroyer
    33 | D        | Noticed a large bag of meat
    34 | D        | Reached ***** piety under Makhleb
    34 | D        | Killed a destroyer
    34 | D        | Reached skill level 27 in Invocations
    34 | D        | Noticed a large bag of meat
    35 | D        | Killed a meat berserker
    36 | D        | Noticed a meat berserker
    36 | D        | Killed a meat berserker
    36 | D        | Gained mutation: You resist negative energy. (rN+) [demonic
                  | ancestry]
    36 | D        | Reached XP level 20. HP: 93/184 MP: 3/45
    36 | D        | Killed a meat berserker
    36 | D        | Noticed a destroyer
    36 | D        | Reached ****** piety under Makhleb
    37 | D        | Killed a destroyer
    37 | D        | Killed a meat berserker
    38 | D        | Noticed a destroyer
    38 | D        | Noticed a large bag of meat
    39 | D        | Noticed a meat berserker
    39 | D        | Killed a destroyer
    39 | D        | Reached XP level 21. HP: 197/197 MP: 3/48
    39 | D        | Noticed a destroyer
    39 | D        | Killed The Servant
    40 | D        | Killed a destroyer
    40 | D        | Reached skill level 27 in Necromancy
    41 | D        | Noticed a destroyer
    41 | D        | Noticed a destroyer
    42 | D        | Noticed a destroyer
    42 | D        | Noticed a destroyer
    42 | D        | Noticed a destroyer
    43 | D        | Gained mutation: You are completely covered in slimy green
                  | scales. (AC +4, rPois) [demonic ancestry]
    43 | D        | Reached XP level 22. HP: 210/210 MP: 4/50
    44 | D        | Noticed a destroyer
    45 | D        | Noticed a destroyer
    45 | D        | Killed a destroyer
    45 | D        | Reached skill level 27 in Fighting
    45 | D        | Reached skill level 27 in Stealth
    46 | D        | Killed a destroyer
    46 | D        | Noticed a destroyer
    47 | D        | Killed a destroyer
    47 | D        | Reached skill level 27 in Axes
    47 | D        | Reached skill level 27 in Throwing
    47 | D        | Reached skill level 27 in Armour
    47 | D        | Reached skill level 27 in Dodging
    47 | D        | Reached skill level 27 in Unarmed Combat
    47 | D        | Reached skill level 27 in Spellcasting
    47 | D        | Gained mutation: A powerful demonic guardian rushes to your
                  | aid. [demonic ancestry]
    47 | D        | Reached XP level 23. HP: 219/219 MP: 2/54
    48 | D        | Killed a destroyer
    48 | D        | Killed a destroyer
    48 | D        | Reached XP level 24. HP: 227/227 MP: 2/54
    48 | D        | Killed a destroyer
    49 | D        | Killed a destroyer
    49 | D        | Noticed a destroyer
    50 | D        | Reached XP level 25. HP: 234/234 MP: 2/54
    51 | D        | Noticed a destroyer
    51 | D        | Killed a destroyer
    53 | D        | Noticed a destroyer
    53 | D        | Noticed a tyrant
    54 | D        | Killed a destroyer
    55 | D        | Killed a destroyer
    55 | D        | Gained mutation: You are somewhat able to resist unholy
                  | torments (1 in 2 success). [demonic ancestry]
    55 | D        | Reached XP level 26. HP: 242/242 MP: 4/54
    55 | D        | Noticed a destroyer
    56 | D        | Killed a destroyer
    57 | D        | Noticed a meat beast
    57 | D        | Noticed The Captor
    57 | D        | Killed a large bag of meat
    58 | D        | Killed a tyrant
    59 | D        | Gained mutation: Your melee attacks may debilitate your
                  | foes. [demonic ancestry]
    59 | D        | Reached XP level 27. HP: 249/249 MP: 4/54
    59 | D        | Killed a destroyer
    60 | D        | Noticed a destroyer
    61 | D        | Noticed a dread
    61 | D        | Killed a meat beast
    61 | D        | Noticed an accursed
    62 | D        | Killed a destroyer
    62 | D        | Killed a destroyer
    63 | D        | Noticed an accursed
    63 | D        | Noticed an accursed
    63 | D        | Noticed a large bag of meat
    63 | D        | Noticed a tyrant
    63 | D        | Noticed a dread
    64 | D        | Killed a destroyer
    64 | D        | Noticed a meat beast
    65 | D        | Noticed an accursed
    66 | D        | Noticed a meat beast
    67 | D        | Killed a large bag of meat
    68 | D        | Killed an accursed
    68 | D        | Killed a dread
    68 | D        | Killed a destroyer
    68 | D        | Noticed a dread
    68 | D        | Noticed a dread
    68 | D        | Noticed an accursed
    69 | D        | Noticed a meat beast
    69 | D        | Noticed a destroyer
    70 | D        | Noticed a dread
    70 | D        | Noticed a meat beast
    71 | D        | Noticed a dread
    71 | D        | Killed The Captor
    71 | D        | Killed a dread
    71 | D        | Killed a meat beast
    72 | D        | Killed a meat beast
    72 | D        | Noticed a meat beast
    73 | D        | Killed a large bag of meat
    73 | D        | Killed a large bag of meat
    73 | D        | Noticed a meat beast
    74 | D        | Killed an accursed
    74 | D        | Noticed a large bag of meat
    75 | D        | Killed a meat beast
    75 | D        | Noticed a destroyer
    76 | D        | Killed a dread
    76 | D        | Killed a meat beast
    77 | D        | Noticed a dread
    78 | D        | Noticed a meat beast
    78 | D        | Noticed a meat beast
    78 | D        | Noticed a meat beast
    78 | D        | Killed a dread
    79 | D        | Noticed a meat beast
    80 | D        | Killed a meat beast
    80 | D        | Killed a meat beast
    80 | D        | Noticed a meat beast
    80 | D        | Noticed a meat beast
    80 | D        | Noticed a tyrant
    81 | D        | Killed a meat beast
    81 | D        | Noticed a meat beast
    82 | D        | Killed a tyrant
    82 | D        | Noticed a destroyer
    83 | D        | Noticed a meat beast
    83 | D        | Noticed an accursed
    84 | D        | Killed a destroyer
    85 | D        | Killed a meat beast
    86 | D        | Noticed a meat beast
    86 | D        | Killed a meat beast
    86 | D        | Noticed a dread
    87 | D        | Killed a destroyer
    87 | D        | Killed a meat beast
    87 | D        | Killed a meat beast
    87 | D        | Killed a dread
    88 | D        | Noticed a meat beast
    88 | D        | Killed a large bag of meat
    88 | D        | Killed a meat beast
    88 | D        | Noticed a tyrant
    88 | D        | Noticed a meat beast
    89 | D        | Noticed a large bag of meat
    89 | D        | Killed a dread
    89 | D        | Noticed a destroyer
    90 | D        | Killed a meat beast
    90 | D        | Noticed a tyrant
    92 | D        | Killed a meat beast
    93 | D        | Killed an accursed
    93 | D        | Killed a destroyer
    93 | D        | Killed a meat beast
    93 | D        | Noticed a large bag of meat
    95 | D        | Noticed a meat beast
    97 | D        | Noticed a tyrant
    97 | D        | Noticed an accursed
    97 | D        | Noticed a destroyer
    98 | D        | Noticed a large bag of meat
    98 | D        | Noticed a large bag of meat
    98 | D        | Killed a meat beast
   102 | D        | Noticed a destroyer
   102 | D        | HP: 1/249 [tyrant/the air (30)]
   102 | D        | Killed from afar by an accursed

Levels and vault maps discovered:
D:        meatsprint

Skill      XL: |  1  2  3  4  5  6  7  8  9 10 11 12 13 14 15 16 17 18 19 20 21 22 |
---------------+-------------------------------------------------------------------+-----
Fighting       | 9 12 13 14 16 17 19 21 22 24 26 27 | 27.0
Axes           | 8 11 12 13 14 16 18 19 21 23 24 27 | 27.0
Throwing       | 8 11 12 13 14 16 18 19 21 23 24 27 | 27.0
Armour         | 8 11 12 13 14 16 18 19 21 23 24 27 | 27.0
Dodging        | 9 11 12 13 15 16 18 19 21 23 24 27 | 27.0
Stealth        | 9 12 13 14 16 17 19 21 22 25 26 27 | 27.0
Unarmed Combat | 8 11 12 13 14 16 18 19 21 23 24 27 | 27.0
Spellcasting   | 9 11 12 13 15 16 18 19 21 23 24 27 | 27.0
Necromancy     | 11 13 15 16 17 19 21 22 24 26 27 | 27.0
Invocations    | 12 15 17 20 21 24 25 27 | 27.0

Action                   |  1- 3 |  4- 6 |  7- 9 | 10-12 | 13-15 | 16-18 | 19-21 | 22-24 | 25-27 || total
-------------------------+-------+-------+-------+-------+-------+-------+-------+-------+-------++-------
Melee: Executioner's axe |     1 |       |       |     1 |     1 |     5 |     8 |     6 |    47 ||    69
 Cast: Animate Dead      |       |       |       |       |       |     1 |     1 |     1 |     1 ||     4
  Use: Scroll            |       |       |       |       |       |       |       |       |     1 ||     1
Armor: Robe              |       |       |       |       |       |       |       |       |     1 ||     1
Dodge: Dodged            |       |       |       |     1 |       |       |     2 |       |     8 ||    11

Table legend:
 A = Non-vault XP
 B = Vault XP
 C = Vault XP percentage of total XP
 D = Non-vault monster count
 E = Vault monster count
 F = Vault count percentage of total count
                 A         B        C        D         E       F
            +---------+---------+-------+---------+---------+-------
      Total | 5056245 |  738207 |  12.7 |     111 |      68 |  38.0
            +---------+---------+-------+---------+---------+-------
          D | 5056245 |  738207 |  12.7 |     111 |      68 |  38.0
            +---------+---------+-------+---------+---------+-------
